 Dungeon Crawl Stone Soup version 0.28.0-43-g3370ac3207 (webtiles) character file.

Game seed: 17912572540303061035

1057 xzight the Chopper (level 8, -1/50 HPs)
             Began as a Gargoyle Fighter on Mar 1, 2022.
             Slain by an orc warrior
             ... wielding a +0 flail
              (15 damage)
             ... on level 5 of the Dungeon.
             The game lasted 00:10:02 (5189 turns).

xzight the Chopper (Gargoyle Fighter)               Turns: 5189, Time: 00:10:03

Health: -1/50      AC: 18    Str: 23    XL:     8   Next: 26%
Magic:  8/8        EV:  7    Int:  8    God:
Gold:   243        SH:  5    Dex:  9    Spells: 7/7 levels left

rFire   + . .      SeeInvis .   a - +0 war axe
rCold   . . .      Faith    .   c - +0 buckler
rNeg    + . .      Spirit   .   s - +0 chain mail
rPois   ∞          Reflect  .   (no helmet)
rElec   +          Harm     .   m - +0 cloak
rCorr   .          Rampage  .   (no gloves)
Will    .....                   h - +0 pair of boots
Stlth   ..........              (no amulet)
HPRegen 0.16/turn               F - ring of protection from fire
MPRegen 0.11/turn               (no ring)

@: no status effects
A: sickness immunity, AC +5, negative energy resistance 1, electricity
resistance, torment resistance 1, petrification resistance
a: no special abilities


You were on level 5 of the Dungeon.
You visited 1 branch of the dungeon, and saw 5 of its levels.

You collected 243 gold pieces.


Innate Abilities, Weirdness & Mutations

You are immune to sickness and miasma.
Your stone body is resilient. (AC +5)
You are immune to poison.
You resist negative energy. (rN+)
You are resistant to electric shocks. (rElec)
You are resistant to unholy torment.
You are immune to petrification.


   Skills:
 + Level 5.6 Fighting
 * Level 5.7 Axes
 + Level 5.6 Armour
 + Level 5.5 Shields


You had 7 spell levels left.
You didn't know any spells.
Your spell library contained the following spells:

 Spells                   Type           Power      Damage    Failure   Level
 Apportation              Tloc           0%         N/A       98%         1
 Alistair's Intoxication  Tmut/Pois      0%         N/A       100%        5

Inventory:

Hand Weapons
 a - a +0 war axe (weapon)
 b - a +1 hand axe of flaming
Missiles
 v - 2 throwing nets (quivered) {=f}
Armour
 c - a +0 buckler (worn)
 h - a +0 pair of boots (worn)
 m - a +0 cloak (worn)
 s - a +0 chain mail (worn)
Jewellery
 F - a ring of protection from fire (left hand)
Wands
 w - a wand of flame (12)
Scrolls
 g - 2 scrolls of immolation {unknown}
 i - a scroll of amnesia {unknown}
 j - 3 scrolls of enchant weapon
 k - a scroll of silence {!r}
 l - a scroll of enchant armour {unknown}
 n - a scroll of summoning {unknown}
 o - 3 scrolls of teleportation {unknown}
 q - a scroll of vulnerability
 t - a scroll of identify {@r1}
 u - a scroll of magic mapping {unknown}
Potions
 d - 2 potions of might
 e - a potion of lignification
 f - a potion of attraction
 p - a potion of heal wounds {@q2}
 r - a potion of curing {@q1}

Dungeon Overview and Level Annotations

Branches:
Dungeon (5/15)
 Temple: D:4-7

Altars:
Kikubaaqudgha
Trog

###+#####+ #....:....
#......... #.........
#......... #. +......... ..
#.#####..)...... #.
........@o...... #.
.####...)...... #.
#.##.#####+ #.
##.####.##.#....... #.
.....>.......##....# ..##.
..##.###.##.#.##....#..##..
.........##.#.##....#.##...
..##..##.##.#.##.....##..#.
.....##.##.#.##....##..##.


You could see an orc warrior.


Message History

You hit the orc priest but do no damage.
You barely miss the orc. You closely miss the orc warrior.
The orc priest hits you but does no damage.
The orc hits you with a +0 hand axe.
The orc warrior hits you with a +0 flail.
You slash the orc priest!
You kill the orc priest!
You closely miss the orc warrior. You slash the orc!
You kill the orc!
You block the orc warrior's attack. x2
You closely miss the orc warrior.
The orc warrior hits you but does no damage.
You completely miss the orc warrior.
The orc warrior hits you with a +0 flail.
You slash the orc warrior!
The orc warrior is heavily wounded.
The orc warrior hits you with a +0 flail.
You hit the orc warrior but do no damage.
The orc warrior is heavily wounded.
The orc warrior hits you with a +0 flail.
* * * LOW HITPOINT WARNING * * *
The orc warrior hits you with a +0 flail!
* * * LOW HITPOINT WARNING * * *
You completely miss the orc warrior.
The orc warrior is heavily wounded.
You block the orc warrior's attack.
You closely miss the orc warrior.
The orc warrior is heavily wounded.
The orc warrior hits you with a +0 flail!
You die...

Skill      XL: |  1  2  3  4  5  6  7 |
---------------+----------------------+-----
Axes           | 2 3 4 5 |  5.7
Fighting       | 4 5 |  5.6
Armour         | 4 5 |  5.6
Shields        | 4 5 |  5.5

Action                   |  1- 3 |  4- 6 |  7- 9 || total
-------------------------+-------+-------+-------++-------
Melee: War axe           |   101 |   188 |    89 ||   378
  Use: Scroll            |       |     7 |       ||     7
       Potion            |       |       |     1 ||     1
Armor: Scale mail        |    50 |    58 |       ||   108
       Chain mail        |       |    68 |    28 ||    96
Dodge: Dodged            |    62 |    82 |    21 ||   165
Block: Buckler           |    28 |    41 |    14 ||    83

Levels and vault maps discovered:
D:1:      dpeg_arrival_ratfight, layout_loops_corners,
          chequers_ecumenical_altar_simple_redux
D:2:      layout_loops_ring, minmay_joined_circles
D:3:      layout_loops_cross, mainiacjoe_overflow_tiny_flanked,
          minmay_strange_pillars
D:4:      layout_basic, chequers_decorated_corner, corexii_corridor_pit,
          lexackson_kobold_supper
D:5:      layout_basic, nicolae_wu_jian_immortal_techniques,
          mainiacjoe_overflow_boulevard, roderic_roman_lattice,
          grunt_ministairs_9, minmay_parallelograms, uniq_pikel

Notes
Turn   | Place    | Note
-------+----------+-------------------------------------------
     0 | D:1      | xzight the Gargoyle Fighter began the quest for the Orb.
     0 | D:1      | Reached XP level 1. HP: 14/14 MP: 1/1
   410 | D:1      | Reached skill level 2 in Axes
   514 | D:1      | Reached XP level 2. HP: 19/19 MP: 2/2
   856 | D:1      | Found a faded altar of an unknown god.
   962 | D:1      | You fall into a shaft and drop 1 floor!
   993 | D:2      | Reached XP level 3. HP: 22/23 MP: 3/3
  1465 | D:2      | Reached XP level 4. HP: 12/29 MP: 4/4
  2115 | D:2      | Reached skill level 3 in Axes
  2634 | D:3      | Reached skill level 4 in Fighting
  2636 | D:3      | Reached skill level 4 in Armour
  2861 | D:3      | Reached XP level 5. HP: 33/33 MP: 5/5
  2864 | D:3      | Reached skill level 4 in Shields
  2875 | D:3      | Found an ancient bone altar of Kikubaaqudgha.
  3715 | D:4      | Noticed a water moccasin
  3730 | D:4      | Killed a water moccasin
  3731 | D:4      | Reached XP level 6. HP: 30/39 MP: 6/6
  3873 | D:4      | Reached skill level 4 in Axes
  3953 | D:4      | Noticed an ice beast
  3968 | D:4      | Killed an ice beast
  4044 | D:4      | Reached XP level 7. HP: 38/44 MP: 7/7
  4927 | D:5      | Entered Level 5 of the Dungeon
  4929 | D:5      | Noticed Pikel
  4953 | D:5      | Killed Pikel
  4954 | D:5      | Reached skill level 5 in Fighting
  4954 | D:5      | Reached skill level 5 in Axes
  4954 | D:5      | Reached skill level 5 in Armour
  4954 | D:5      | Reached skill level 5 in Shields
  4954 | D:5      | Reached XP level 8. HP: 25/50 MP: 8/8
  5159 | D:5      | Found a bloodstained altar of Trog.
  5189 | D:5      | Slain by an orc warrior

Vanquished Creatures
  Pikel (D:5)
  A water moccasin (D:4)
  An ice beast (D:4)
  A centaur (D:4)
  A kobold brigand (D:4)
  An orc priest (D:5)
  3 gnolls (D:3)
  7 adders
  2 adder skeletons
  2 worms
  2 dart slugs
  7 orcs
  9 ball pythons
  5 endoplasms
  2 giant cockroaches
  9 goblins
  6 hobgoblins
  2 jackals (D:4)
  2 quokkas (D:2)
  8 bats
  6 frilled lizards
  11 kobolds
  13 rats
102 creatures vanquished.

Vanquished Creatures (others)
  10 plants (D:4)
10 creatures vanquished.

Grand Total: 112 creatures vanquished

Table legend: (Time is in decaauts)
 A = Elapsed time spent in this place.
 B = Non-inter-level travel time spent in this place.
 C = Inter-level travel time spent in this place.
 D = Time resting spent in this place.
 E = Time spent auto-exploring this place.
 F = Levels seen in this place.
 G = Mean time per level.
                   A        B        C        D        E       F      G
               +--------+--------+--------+--------+--------+-----+--------+
         Total |   5336 |   5135 |    201 |   1466 |   2600 |   5 | 1067.2 |
       Dungeon |   5336 |   5135 |    201 |   1466 |   2600 |   5 | 1067.2 |
               +--------+--------+--------+--------+--------+-----+--------+

Top non-repeatable levels by time:
     D:4: 1585 daAuts
     D:2: 1458 daAuts
     D:1: 1209 daAuts
     D:3: 965 daAuts
     D:5: 117 daAuts

Table legend:
 A = Non-vault XP
 B = Vault XP
 C = Vault XP percentage of total XP
 D = Non-vault monster count
 E = Vault monster count
 F = Vault count percentage of total count
                 A         B        C        D         E       F
            +---------+---------+-------+---------+---------+-------
      Total |     671 |     839 |  55.6 |      77 |      25 |  24.5
            +---------+---------+-------+---------+---------+-------
        D:1 |      18 |       5 |  21.7 |      13 |       5 |  27.8
        D:2 |      71 |      50 |  41.3 |      22 |      11 |  33.3
        D:3 |      81 |       0 |   0.0 |      24 |       0 |   0.0
        D:4 |     454 |     111 |  19.6 |      15 |       8 |  34.8
        D:5 |      47 |     673 |  93.5 |       3 |       1 |  25.0
            +---------+---------+-------+---------+---------+-------
